 Dungeon Sprint DCSS version 0.21.1-1-g345015f (webtiles) character file.

17287 Kidiri the Eclecticist (level 12, -1/71 (72) HPs)
             Began as a Deep Elf Fire Elementalist on May 22, 2018.
             Was the Champion of Vehumet.
             Succumbed to something's dark miasma
             ... in the Dungeon (Sprint III: "The Ten Rune Challenge").
             The game lasted 00:21:53 (3283 turns).

Kidiri the Eclecticist (Deep Elf Fire Elementalist) Turns: 3283, Time: 00:21:53

HP:   -1/71 (72)    AC: 14    Str:  5    XL:     12   Next: 17%
MP:   35/35         EV: 19    Int: 26    God:    Vehumet [******]
Gold: 27            SH:  0    Dex: 17    Spells: 2/46 levels left

rFire    . . .     SeeInvis .   u - +2 dagger (flame)
rCold    + . .     Gourm    .   (no shield)
rNeg     . . .     Faith    .   e - +2 troll leather armour {Snorg}
rPois    .         Spirit   .   (no helmet)
rElec    .         Reflect  .   n - +2 cloak {+Inv}
rCorr    .         Harm     .   (no gloves)
MR       +....     NoTele   +   (no boots)
Stlth    +++.......             (no amulet)
HPRegen  0.61/turn              (no ring)
MPRegen  0.24/turn              (no ring)

@: lethally poisoned (-1 -> -15)
A: slimy green scales 1, thin metallic scales 1, thin skeletal structure 1, cold
resistance 1, subdued magic 1
a: Renounce Religion, Evoke Invisibility


You were in the Dungeon.
You worshipped Vehumet.
Vehumet was exalted by your worship.
You were not hungry.

You visited 1 branch You collected 27 gold pieces.

Inventory:

Hand Weapons
 k - a +0 dagger
 u - a +2 dagger of flaming (weapon)
Armour
 e - a +2 troll leather armour (worn) {Snorg}
 n - a +2 cloak of invisibility (worn)
Wands
 j - a wand of polymorph (7)
 v - a wand of disintegration (12)
Scrolls
 o - a scroll of torment
 q - 3 scrolls of remove curse
 s - a scroll of holy word
Potions
 g - a potion of magic
 h - a potion of berserk rage
 l - a potion of lignification
 r - 3 potions of flight
Books
 b - a book of Flames

   Spells                             Type                      Level
   a - Flame Tongue                   Conjuration/Fire             1
   b - Throw Flame                    Conjuration/Fire             2
   c - Conjure Flame                  Conjuration/Fire             3
   d - Inner Flame                    Hexes/Fire                   3
   e - Sticky Flame                   Conjuration/Fire             4
   f - Fireball                       Conjuration/Fire             5
 t - a book of Minor Magic

   Spells                             Type                      Level
   a - Magic Dart                     Conjuration                  1
   b - Blink                          Translocation                2
   c - Call Imp                       Summoning                    2
   d - Slow                           Hexes                        2
   e - Conjure Flame                  Conjuration/Fire             3
   f - Mephitic Cloud                 Conjuration/Poison/Air       3
Comestibles
 c - 11 rations


   Skills:
 + Level 7.2 Fighting
 + Level 8.7 Short Blades
 + Level 7.2 Armour
 + Level 11.0 Dodging
 - Level 2.4 Stealth
 * Level 17.7 Spellcasting
 + Level 11.3 Conjurations
 + Level 11.8 Fire Magic
 + Level 8.3 Ice Magic
 + Level 8.7 Air Magic
 + Level 5.1 Earth Magic
 + Level 9.6 Poison Magic
 + Level 9.4 Evocations


You had 2 spell levels left.
You knew the following spells:

 Your Spells              Type           Power        Failure   Level  Hunger
a - Flame Tongue          Conj/Fire      #####        0%          1    None
b - Throw Flame           Conj/Fire      ######       0%          2    None
c - Conjure Flame         Conj/Fire      ######..     1%          3    None
d - Inner Flame           Hex/Fire       #####...     1%          3    None
e - Ignite Poison         Fire/Tmut/Pois #####...     1%          3    None
f - Sticky Flame          Conj/Fire      ######..     1%          4    None
g - Fireball              Conj/Fire      ######....   1%          5    None
h - Throw Frost           Conj/Ice       ######       1%          2    None
i - Freezing Cloud        Conj/Ice/Air   ######....   2%          6    ###....
j - Lee's Rapid Deconstr  Erth           #####.....   2%          5    None
k - Mephitic Cloud        Conj/Pois/Air  ######..     1%          3    None
l - Poison Arrow          Conj/Pois      ######....   1%          6    ###....
m - Magic Dart            Conj           ####         0%          1    None


Dungeon Overview and Level Annotations

Branches:
Dungeon (1/1)

Altars:
Cheibriados
Dithmenos
Elyvilon
Fedhas
Gozag
Hepliaklqana
Kikubaaqudgha
Makhleb
Nemelex Xobeh
Okawaru
Qazlal
Ru
Sif Muna
Trog
Uskayaw
Vehumet
Wu Jian
Xom
Yredelemnul
Zin
The Shining One
Beogh
Jiyva
Lugonu

Shops:
D [:%

Annotations:
D exclusion: 7 doors


Innate Abilities, Weirdness & Mutations

You are partially covered in slimy green scales. (AC +2)
You are partially covered in thin metallic scales. (AC +2)
You have a somewhat thin skeletal structure. (Dex +2, Stealth)
Your flesh is cold resistant. (rC+)
Your spells are a little easier to cast, but a little less powerful.


Message History

Unknown command.
Okay, then.
Unknown command.
Okay, then.
There is a lethal amount of poison in your body!
There is a lethal amount of poison in your body!
Unknown command.
There is a lethal amount of poison in your body!
There is a lethal amount of poison in your body!
There is a lethal amount of poison in your body!
* * * LOW HITPOINT WARNING * * *
You feel very sick.
* * * LOW HITPOINT WARNING * * *
You feel very sick.
* * * LOW HITPOINT WARNING * * *
You feel very sick.
* * * LOW HITPOINT WARNING * * *
You feel very sick.
You feel yourself speed up.
You die...

♣♣.....♣♣♣♣≈≈≈........≈≈≈...##.#.
♣♣.≈≈≈≈'♣♣'♣≈≈≈≈≈≈≈≈≈≈≈≈♣♣P.'.#.#
≈'.....#.≈♣♣♣♣♣♣♣♣♣♣♣♣♣♣♣♣PP##.#.
♣♣♣♣♣♣♣#..♣♣ ♣♣♣##+## ♣
###'♣♣♣♣♣♣♣♣♣♣♣♣♣♣♣ ##♣
♣♣♣♣.##..##≈≈≈≈≈≈..# ..♣♣
♣...##.##.#≈≈≈†≈...# ##'♣
♣♣.##.##(##+≈≈≈≈≈####+ ...♣
♣..#.##..@#≈≈.....§§§ ####♣♣
♣♣.##.##.)#≈..+#### ....P♣
♣♣.##.#####†..# .....♣
♣.....##......# #+####
########+###### #.♣♣ #♣D♣ ♣.♣♣
♣♣.♣


There were no monsters in sight!

Vanquished Creatures
  Rupert (D)
  Snorg (D)
  2 hydras (D)
  A centaur warrior (D)
  4 death yaks (D)
  Urug (D)
  An unseen horror (D)
  A death drake (D)
  A lindwurm (D)
  A deep elf mage (D)
  2 black mambas (D)
  2 spiny frogs (D)
  A rime drake (D)
  A komodo dragon (D)
  3 wandering mushrooms (D)
  A queen bee (D)
  8 blink frogs (D)
  2 tyrant leeches (D)
  A shadow (D)
  3 redbacks (D)
  A spatial vortex (D)
  3 swamp drakes (D)
  A necrophage (D)
  2 centaurs (D)
  An earth elemental (D)
  A water elemental (D)
  32 killer bees (D)
  An electric eel (D)
  A jelly (D)
  Crazy Yiuf (D)
  Jessica (D)
  A necromancer (D)
  A wizard (D)
  A kobold demonologist (D)
  3 humans (D)
  2 oozes (D)
  A rat (D)
92 creatures vanquished.

Vanquished Creatures (others)
  2 draconian scorchers (D)
  2 yaktaurs (D)
  6 hellions (D)
  7 plants (D)
17 creatures vanquished.

Grand Total: 109 creatures vanquished

Notes
Turn   | Place    | Note
-------+----------+-------------------------------------------
     0 | D        | Kidiri the Deep Elf Fire Elementalist began the quest for the Orb.
     0 | D        | Reached XP level 1. HP: 10/10 MP: 6/6
     4 | D        | Reached skill level 4 in Spellcasting
    12 | D        | Killed a yaktaur
    36 | D        | Reached XP level 2. HP: 15/15 MP: 4/9
    83 | D        | Learned a level 2 spell: Throw Flame
    83 | D        | Noticed Jessica
    86 | D        | Killed Jessica
    86 | D        | Reached skill level 6 in Spellcasting
    86 | D        | Reached XP level 3. HP: 19/19 MP: 7/13
    97 | D        | Killed a hellion
    98 | D        | Learned a level 3 spell: Conjure Flame
    98 | D        | Killed a hellion
   102 | D        | Learned a level 3 spell: Inner Flame
   128 | D        | Killed a hellion
   138 | D        | Killed a hellion
   153 | D        | Reached skill level 7 in Spellcasting
   153 | D        | Reached skill level 5 in Fire Magic
   172 | D        | Killed a hellion
   173 | D        | Killed a white draconian scorcher
   212 | D        | Killed a hellion
   218 | D        | Noticed Crazy Yiuf
   222 | D        | Killed Crazy Yiuf
   222 | D        | Reached skill level 8 in Spellcasting
   222 | D        | Reached XP level 4. HP: 24/24 MP: 6/16
   227 | D        | Killed a white draconian scorcher
   253 | D        | Gained mutation: You are partially covered in large bone plates. (SH +4) [potion of mutation]
   253 | D        | Gained mutation: Your mind is acute. (Int +2) [potion of mutation]
   254 | D        | Lost mutation: Your mind is acute. (Int +2) [potion of mutation]
   254 | D        | Lost mutation: You are partially covered in large bone plates. (SH +4) [potion of mutation]
   254 | D        | Gained mutation: You are robust. (+10% HP) [potion of mutation]
   254 | D        | Gained mutation: You have sharp toenails. [potion of mutation]
   254 | D        | Gained mutation: Your spells are a little easier to cast, but a little less powerful. [potion of mutation]
   254 | D        | Gained mutation: You passively map a small area around you. [potion of mutation]
   255 | D        | Lost mutation: You are robust. (+10% HP) [potion of mutation]
   255 | D        | Lost mutation: You have sharp toenails. [potion of mutation]
   255 | D        | Lost mutation: Your spells are a little easier to cast, but a little less powerful. [potion of mutation]
   255 | D        | Gained mutation: You are robust. (+10% HP) [potion of mutation]
   255 | D        | Gained mutation: Your spells are a little harder to cast, but a little more powerful. [potion of mutation]
   255 | D        | Gained mutation: You evolve. [potion of mutation]
   256 | D        | Lost mutation: Your spells are a little harder to cast, but a little more powerful. [potion of mutation]
   256 | D        | Lost mutation: You passively map a small area around you. [potion of mutation]
   256 | D        | Lost mutation: You evolve. [potion of mutation]
   256 | D        | Lost mutation: You are robust. (+10% HP) [potion of mutation]
   256 | D        | Gained mutation: You have supernaturally acute eyesight. (SInv) [potion of mutation]
   256 | D        | Gained mutation: Your muscles are strong. (Str +2) [potion of mutation]
   257 | D        | Lost mutation: Your muscles are strong. (Str +2) [potion of mutation]
   257 | D        | Lost mutation: You have supernaturally acute eyesight. (SInv) [potion of mutation]
   257 | D        | Gained mutation: Your muscles are strong. (Str +2) [potion of mutation]
   257 | D        | Gained mutation: You are partially covered in slimy green scales. (AC +2) [potion of mutation]
   257 | D        | Gained mutation: Your spells are a little harder to cast, but a little more powerful. [potion of mutation]
   258 | D        | Lost mutation: Your muscles are strong. (Str +2) [potion of mutation]
   258 | D        | Lost mutation: Your spells are a little harder to cast, but a little more powerful. [potion of mutation]
   258 | D        | Gained mutation: You have a somewhat thin skeletal structure. (Dex +2, Stealth) [potion of mutation]
   258 | D        | Gained mutation: Your spells are a little easier to cast, but a little less powerful. [potion of mutation]
   258 | D        | Gained mutation: You are partially covered in thin metallic scales. (AC +2) [potion of mutation]
   258 | D        | Gained mutation: Your flesh is cold resistant. (rC+) [potion of mutation]
   264 | D        | Learned a level 4 spell: Sticky Flame
   284 | D        | Noticed a water elemental
   288 | D        | Killed a water elemental
   288 | D        | Reached skill level 9 in Spellcasting
   288 | D        | Reached skill level 5 in Conjurations
   369 | D        | Found a radiant altar of Vehumet.
   370 | D        | Found a deep blue altar of Sif Muna.
   370 | D        | Found an ancient bone altar of Kikubaaqudgha.
   370 | D        | Noticed a wizard
   371 | D        | Killed a wizard
   371 | D        | Reached skill level 10 in Spellcasting
   371 | D        | Reached XP level 5. HP: 28/28 MP: 13/19
   373 | D        | Noticed a smoke demon
   388 | D        | Became a worshipper of Vehumet
   395 | D        | Learned a level 5 spell: Fireball
   399 | D        | Learned a level 3 spell: Mephitic Cloud
   447 | D        | Found a glowing silver altar of Zin.
   448 | D        | Found a glowing golden altar of the Shining One.
   448 | D        | Found a white marble altar of Elyvilon.
   448 | D        | Noticed a deep elf mage
   453 | D        | Killed a deep elf mage
   453 | D        | Reached skill level 11 in Spellcasting
   453 | D        | Reached XP level 6. HP: 36/36 MP: 9/22
   453 | D        | Reached XP level 7. HP: 40/40 MP: 9/24
   529 | D        | Found a hide-covered altar of Uskayaw.
   529 | D        | Found a roughly hewn altar of Beogh.
   529 | D        | Found an iron altar of Okawaru.
   529 | D        | Found a bloodstained altar of Trog.
   529 | D        | Found an ornate altar of the Wu Jian Council.
   529 | D        | Noticed a human
   529 | D        | Noticed a human
   534 | D        | Killed a human
   534 | D        | Reached skill level 12 in Spellcasting
   535 | D        | Killed a human
   535 | D        | Reached * piety under Vehumet
   535 | D        | Offered knowledge of Shock by Vehumet.
   535 | D        | Reached skill level 5 in Dodging
   650 | D        | Found a basalt altar of Yredelemnul.
   650 | D        | Found a shadowy altar of Dithmenos.
   650 | D        | Found a sacrificial altar of Ru.
   752 | D        | Offered knowledge of Throw Frost by Vehumet.
   752 | D        | Reached ** piety under Vehumet
   754 | D        | Noticed a shadow
   761 | D        | Killed a shadow
   761 | D        | Reached XP level 8. HP: 46/46 MP: 13/26
   827 | D        | Learned a level 2 spell: Throw Frost
   829 | D        | Found a blossoming altar of Fedhas.
   829 | D        | Found a stormy altar of Qazlal.
   829 | D        | Found a snail-covered altar of Cheibriados.
   829 | D        | Found a burning altar of Makhleb.
   829 | D        | Found a shimmering altar of Xom.
   830 | D        | Found a hazy altar of Hepliaklqana.
   830 | D        | Found an opulent altar of Gozag.
   830 | D        | Found a sparkling altar of Nemelex Xobeh.
   830 | D        | Found a corrupted altar of Lugonu.
   830 | D        | Found a viscous altar of Jiyva.
   847 | D        | Reached skill level 1 in Ice Magic
   922 | D        | Noticed Snorg
   956 | D        | Killed Snorg
   956 | D        | Offered knowledge of Ignite Poison by Vehumet.
   956 | D        | Reached skill level 13 in Spellcasting
   956 | D        | Reached skill level 5 in Poison Magic
   956 | D        | Reached skill level 5 in Evocations
   956 | D        | Reached XP level 9. HP: 21/52 MP: 25/28
   961 | D        | Learned a level 3 spell: Ignite Poison
  1045 | D        | Learned a level 1 spell: Magic Dart
  1109 | D        | Reached *** piety under Vehumet
  1109 | D        | Reached skill level 5 in Short Blades
  1109 | D        | Reached skill level 5 in Air Magic
  1183 | D        | Noticed a centaur warrior
  1188 | D        | Offered knowledge of Static Discharge by Vehumet.
  1189 | D        | Killed a centaur warrior
  1189 | D        | Reached skill level 14 in Spellcasting
  1287 | D        | Noticed an unseen horror
  1293 | D        | Killed an unseen horror
  1460 | D        | Reached **** piety under Vehumet
  1460 | D        | Offered knowledge of Bolt of Draining by Vehumet.
  1463 | D        | Noticed a queen bee
  1467 | D        | Reached ***** piety under Vehumet
  1469 | D        | Killed a queen bee
  1469 | D        | Reached skill level 5 in Armour
  1469 | D        | Reached XP level 10. HP: 58/58 MP: 15/30
  1469 | D        | Reached skill level 5 in Fighting
  1472 | D        | Reached ****** piety under Vehumet
  1472 | D        | Reached skill level 5 in Ice Magic
  1473 | D        | Reached skill level 15 in Spellcasting
  1484 | D        | Reached skill level 10 in Fire Magic
  1618 | D        | Offered knowledge of Poison Arrow by Vehumet.
  1626 | D        | Learned a level 6 spell: Poison Arrow
  1693 | D        | Noticed a spiny frog
  1693 | D        | Noticed a spiny frog
  1697 | D        | Killed a spiny frog
  1699 | D        | Killed a spiny frog
  1906 | D        | Offered knowledge of Lee's Rapid Deconstruction by Vehumet.
  1914 | D        | Learned a level 5 spell: Lee's Rapid Deconstruction
  1998 | D        | Noticed a lindwurm
  2003 | D        | Killed a lindwurm
  2003 | D        | Reached skill level 10 in Conjurations
  2003 | D        | Reached skill level 1 in Earth Magic
  2079 | D        | Reached skill level 16 in Spellcasting
  2079 | D        | Reached XP level 11. HP: 64/64 MP: 27/33
  2107 | D        | Noticed Urug
  2112 | D        | Killed Urug
  2359 | D        | Offered knowledge of Freezing Cloud by Vehumet.
  2509 | D        | Noticed Rupert
  2516 | D        | Killed Rupert
  2516 | D        | Reached skill level 10 in Dodging
  2602 | D        | Noticed a death yak
  2603 | D        | Noticed a death yak
  2610 | D        | Noticed a death yak
  2614 | D        | Killed a death yak
  2615 | D        | Noticed a death yak
  2617 | D        | Killed a death yak
  2617 | D        | Reached skill level 17 in Spellcasting
  2745 | D        | Learned a level 6 spell: Freezing Cloud
  2832 | D        | Offered knowledge of Iron Shot by Vehumet.
  2854 | D        | Killed a death yak
  2856 | D        | Killed a death yak
  2957 | D        | Noticed an azure jelly
  2957 | D        | Noticed an azure jelly
  2958 | D        | Noticed an azure jelly
  2958 | D        | Noticed an azure jelly
  3012 | D        | Reached XP level 12. HP: 72/72 MP: 29/35
  3036 | D        | Found Pufedoc's Antique Armour Shoppe.
  3036 | D        | Found Ciwediut's Book Boutique.
  3036 | D        | Found Guadgh's Food Emporium.
  3160 | D        | Noticed a five-headed hydra
  3160 | D        | Noticed a five-headed hydra
  3167 | D        | Killed a five-headed hydra
  3167 | D        | Offered knowledge of Orb of Destruction by Vehumet.
  3183 | D        | Killed a five-headed hydra
  3183 | D        | Reached skill level 5 in Earth Magic
  3282 | D        | HP: 1/71 [poisoned by something (dark miasma)]
  3283 | D        | Succumbed to something's dark miasma

Skill      XL: |  1  2  3  4  5  6  7  8  9 10 11 12 |
---------------+-------------------------------------+-----
Spellcasting   | 4 6 8 10 11 12 13 14 16 17 | 17.7
Conjurations   | 2 3 4 5 7 8 9 10 11 | 11.3
Fire Magic     | 4 5 6 7 8 9 10 11 | 11.8
Fighting       | 2 3 4 6 7 |  7.2
Short Blades   | 3 4 6 7 8 |  8.7
Armour         | 2 3 4 5 7 |  7.2
Dodging        | 4 5 6 8 9 10 11 | 11.0
Air Magic      | 2 4 6 7 8 |  8.7
Poison Magic   | 3 4 5 6 8 9 |  9.6
Evocations     | 3 4 5 6 7 9 |  9.4
Ice Magic      | 2 4 6 8 |  8.3
Earth Magic    | 1 4 5 |  5.1
Stealth        | |  2.4

Action                   |  1- 3 |  4- 6 |  7- 9 | 10-12 || total
-------------------------+-------+-------+-------+-------++-------
Melee: Dagger            |       |       |     2 |    18 ||    20
 Cast: Flame Tongue      |    13 |     5 |    42 |    64 ||   124
       Throw Flame       |     6 |       |       |     2 ||     8
       Sticky Flame      |       |     4 |     4 |    15 ||    23
       Mephitic Cloud    |       |     1 |     5 |     2 ||     8
       Fireball          |       |       |     9 |     7 ||    16
       Conjure Flame     |       |       |     4 |     7 ||    11
       Inner Flame       |       |       |     4 |     2 ||     6
       Magic Dart        |       |       |    28 |       ||    28
       Ignite Poison     |       |       |     2 |     8 ||    10
       Poison Arrow      |       |       |       |    21 ||    21
       Throw Frost       |       |       |       |     3 ||     3
       Freezing Cloud    |       |       |       |     2 ||     2
  Use: Potion            |       |     6 |     3 |     2 ||    11
       Scroll            |       |       |     4 |       ||     4
 Stab: Confused          |       |       |     1 |       ||     1
       Sleeping          |       |       |     1 |       ||     1
  Eat: Chunk             |       |       |     2 |     1 ||     3
       Ration            |       |       |       |     3 ||     3
Armor: Robe              |       |       |     4 |       ||     4
       Troll leather arm |       |       |     3 |    16 ||    19
Dodge: Dodged            |     2 |       |    20 |    54 ||    76
